 Dungeon Crawl Stone Soup version 0.27-a0-522-g46bbb28828 (webtiles) character file.

Game seed: 1813790695521171894

351 Anon1729 the Skirmisher (level 6, -4/55 HPs)
             Began as a Ghoul Fighter on Mar 5, 2021.
             Was a High Priest of Jiyva.
             Slain by a centaur (8 damage)
             ... on level 5 of the Dungeon.
             The game lasted 00:03:58 (3397 turns).

Anon1729 the Skirmisher (Ghoul Fighter)             Turns: 3397, Time: 00:03:59

Health: -4/55      AC:  7    Str: 21    XL:     6   Next: 61%
Magic:  5/5        EV:  7    Int:  4    God:    Jiyva [*****.]
Gold:   123        SH:  8    Dex:  8    Spells: 5/5 levels left

rFire    . . .     SeeInvis .   a - +0 war axe
rCold    + . .     Faith    .   c - +0 kite shield
rNeg     + + +     Spirit   .   b - +0 scale mail
rPois    ∞         Reflect  .   (no helmet)
rElec    .         Harm     .   (no cloak)
rCorr    +         Rampage  .   (no gloves)
Will     .....                  (no boots)
Stlth    ..........             (no amulet)
HPRegen  0.00/turn              (no ring)
MPRegen  0.09/turn              (no ring)

@: no status effects
A: claws 1, cold resistance 1, negative energy resistance 3, inhibited
regeneration, torment resistance, unbreathing 1
a: Renounce Religion, Request Jelly, Slimify, Cure Bad Mutation


You were on level 5 of the Dungeon.
You worshipped Jiyva.
Jiyva was extremely pleased with you.
You visited 1 branch of the dungeon, and saw 5 of its levels.

You collected 123 gold pieces.

Inventory:

Hand Weapons
 a - a +0 war axe (weapon)
Armour
 b - a +0 scale mail (worn)
 c - a +0 kite shield (worn)
Jewellery
 k - a ring of see invisible
Scrolls
 g - a scroll of fog {unknown}
 h - 2 scrolls of identify {unknown}
 m - 3 scrolls of immolation {unknown}
 n - a scroll of blinking {unknown}
 p - a scroll of magic mapping {unknown}
 r - a scroll of enchant armour {unknown}
Potions
 d - a potion of might
 e - a potion of degeneration {unknown}
 f - a potion of lignification {unknown}
 i - a potion of attraction {unknown}
 j - a potion of berserk rage {unknown}
 l - a potion of brilliance {unknown}
 o - a potion of heal wounds {unknown}
 q - a potion of cancellation {unknown}


   Skills:
 + Level 4.8 Fighting
 * Level 4.5 Axes
 + Level 4.0 Armour
 - Level 2.7 Shields


You had 5 spell levels left.
You didn't know any spells.
Your spell library was empty.

Dungeon Overview and Level Annotations

Branches:
Dungeon (5/15)
 Temple: D:4-7

Altars:
Ashenzari
Kikubaaqudgha
Makhleb
Okawaru
Trog
Vehumet
Yredelemnul
Zin
The Shining One
Jiyva


Innate Abilities, Weirdness & Mutations

You thrive by killing the living.
You are immune to poison.
You have sharp fingernails.
Your flesh is cold resistant. (rC+)
You are immune to negative energy. (rN+++)
You do not regenerate when monsters are visible.
You are immune to unholy pain and torment.
You can survive without breathing.


Message History

You are too injured to fight recklessly!
You are too injured to fight recklessly!
You are too injured to fight recklessly!
You are too injured to fight recklessly!
You are too injured to fight recklessly!
You are too injured to fight recklessly!
You are too injured to fight recklessly!
You are too injured to fight recklessly!
You are too injured to fight recklessly!
You are too injured to fight recklessly!
You are too injured to fight recklessly!
You are too injured to fight recklessly!
You are too injured to fight recklessly!
You are too injured to fight recklessly!
You are too injured to fight recklessly!
You are too injured to fight recklessly!
You are too injured to fight recklessly!
You are too injured to fight recklessly!
You are too injured to fight recklessly!
You are too injured to fight recklessly!
You are too injured to fight recklessly!
You are too injured to fight recklessly!
The centaur unwields a +1 shortbow of flaming.
It stops flaming.
The centaur hits you but does no damage.
You slash the centaur!
The centaur is moderately wounded.
The centaur hits you!
* * * LOW HITPOINT WARNING * * *
You block the centaur's attack.
You slash the centaur!
The centaur is severely wounded.
The centaur hits you.
* * * LOW HITPOINT WARNING * * *
The centaur barely misses you.
You barely miss the centaur.
The centaur is severely wounded.
The centaur hits you but does no damage.
The centaur hits you!
You die...

...............#
#............###
#............#
#............#
#............#
#............#
##############
###############
......c@......#
#############.# #.# #.#
######################.#
.......................#
########################


You could see a centaur.

Vanquished Creatures
  A sky beast (D:3)
  A howler monkey (D:4)
  A bullfrog skeleton (D:4)
  3 orc wizards (D:5)
  A worker ant (D:5)
  5 adders
  A worm (D:2)
  3 dart slugs
  2 leopard geckos
  3 orcs
  A ball python (D:2)
  5 bats
  3 giant cockroaches
  6 goblins
  3 hobgoblins
  12 jackals
  A quokka (D:3)
  4 frilled lizards
  3 kobolds
  6 rats
65 creatures vanquished.

Vanquished Creatures (others)
  A sky beast (D:5)
  2 jellies (D:2)
  An orc priest (D:3)
  Ijyb (D:5)
  A worker ant (D:5)
  3 adders
  A shadow imp (D:5)
  An ooze (D:4)
  An adder skeleton (D:5)
  2 dart slugs
  2 leopard geckos
  2 orcs (D:3)
  2 bats
  2 giant cockroaches
  2 hobgoblins
  3 jackals (D:3)
  A quokka (D:3)
  3 frilled lizards
  A goblin (D:2)
  4 kobolds
  A plant (D:5)
37 creatures vanquished.

Grand Total: 102 creatures vanquished

Notes
Turn   | Place    | Note
-------+----------+-------------------------------------------
     0 | D:1      | Anon1729 the Ghoul Fighter began the quest for the Orb.
     0 | D:1      | Reached XP level 1. HP: 19/19 MP: 0/0
   409 | D:1      | Reached XP level 2. HP: 26/26 MP: 1/1
   792 | D:2      | Reached XP level 3. HP: 23/31 MP: 2/2
  1031 | D:2      | Found a faded altar of an unknown god.
  1062 | D:2      | Became a worshipper of Jiyva Joserat the Shapeless
  1062 | D:2      | Reached * piety under Jiyva
  1120 | D:2      | Reached XP level 4. HP: 29/40 MP: 3/3
  1125 | D:2      | Reached ** piety under Jiyva
  1207 | D:2      | Found a basalt altar of Yredelemnul.
  1524 | D:2      | Reached *** piety under Jiyva
  1692 | D:2      | Noticed an angel
  1871 | D:3      | Found a burning altar of Makhleb.
  1873 | D:3      | Reached **** piety under Jiyva
  1874 | D:3      | Noticed a balrug
  1874 | D:3      | Noticed an angel
  1935 | D:3      | Found a broken altar of Ashenzari.
  1950 | D:3      | Noticed a sky beast
  1959 | D:3      | HP: 2/40 [something (6)]
  1960 | D:3      | Killed a sky beast
  1961 | D:3      | Reached XP level 5. HP: 6/47 MP: 4/4
  2528 | D:4      | Noticed a phantom
  2532 | D:4      | Reached XP level 6. HP: 34/53 MP: 5/5
  2615 | D:5      | Entered Level 5 of the Dungeon
  2615 | D:5      | Found an iron altar of Okawaru.
  2629 | D:5      | HP: 2/53 [orc/+0 dagger (3)]
  2702 | D:5      | Reached ***** piety under Jiyva
  2949 | D:5      | Killed Ijyb
  2966 | D:5      | Found a radiant altar of Vehumet.
  3066 | D:5      | Killed a sky beast
  3157 | D:5      | Found a bloodstained altar of Trog.
  3157 | D:5      | Found an ancient bone altar of Kikubaaqudgha.
  3397 | D:5      | Slain by a centaur

Illustrated notes

Levels and vault maps discovered:
D:1:      minmay_arrival_stair_chambers, layout_loops_ring,
          amcnicky_mini_rare_corridor_liquid
D:2:      minmay_diamond_boxcup, layout_rooms, grunt_temple_overflow_holy_war,
          chequers_ecumenical_altar_simple_redux
D:3:      layout_rooms, grunt_temple_overflow_order_and_chaos_2,
          ashenzari_conservatory_becter
D:4:      layout_cave_pods, minmay_temple_entry_tees
D:5:      layout_basic, okawaru_gym_becter, gammafunk_temple_overflow_wave,
          vehumet_altar_wand_db, uniq_ijyb

Skill      XL: |  1  2  3  4  5  6 |
---------------+-------------------+-----
Axes           | 2 3 4 |  4.5
Armour         | 3 4 |  4.0
Fighting       | 4 |  4.8
Shields        | |  2.7

Action                   |  1- 3 |  4- 6 || total
-------------------------+-------+-------++-------
Melee: War axe           |   122 |   123 ||   245
Armor: Scale mail        |    66 |    98 ||   164
Dodge: Dodged            |    51 |    68 ||   119
Block: Kite shield       |    62 |    73 ||   135

Table legend: (Time is in decaauts)
 A = Elapsed time spent in this place.
 B = Non-inter-level travel time spent in this place.
 C = Inter-level travel time spent in this place.
 D = Time resting spent in this place.
 E = Time spent auto-exploring this place.
 F = Levels seen in this place.
 G = Mean time per level.
                   A        B        C        D        E       F      G
               +--------+--------+--------+--------+--------+-----+--------+
         Total |   3544 |   3483 |     61 |      5 |   2800 |   5 |  708.8 |
       Dungeon |   3544 |   3483 |     61 |      5 |   2800 |   5 |  708.8 |
               +--------+--------+--------+--------+--------+-----+--------+

Top non-repeatable levels by time:
     D:2: 1054 daAuts
     D:3: 837 daAuts
     D:1: 805 daAuts
     D:5: 797 daAuts
     D:4: 48 daAuts
